 Dungeon Crawl Stone Soup version 0.26-a0-1040-gbe3abf3417 (webtiles) character file.

Game seed: 437517270379396

3009 streetpizza the Frost Mage (level 9, -2/71 HPs)
             Began as a Barachi Ice Elementalist on Dec 11, 2020.
             Was a Follower of Vehumet.
             Slain by a bone dragon (12 damage)
             ... on level 2 of the Abyss.
             The game lasted 00:35:46 (6984 turns).

streetpizza the Frost Mage (BaIE)                   Turns: 6984, Time: 00:35:47

Health: -2/71      AC:  4    Str: 10    XL:     9   Next: 84%
Magic:  18/18      EV: 17    Int: 18    God:    Vehumet [*.....]
Gold:   274        SH:  0    Dex: 19    Spells: 16/20 levels left

rFire    . . .     SeeInvis .   n - +3 rapier
rCold    + . .     Faith    .   (no shield)
rNeg     . . .     Spirit   .   a - +0 robe
rPois    .         Reflect  .   u - +0 helmet
rElec    .         Harm     .   C - scarf {+Inv}
rCorr    .         Rampage  .   f - +0 pair of gloves
Will     .....                  (no boots)
Stlth    ++........             o - amulet of regeneration
HPRegen  0.00/turn              e - +6 ring of dexterity
MPRegen  0.16/turn              x - ring of protection from cold

@: about to teleport, can't hop, non-regenerating, diseased, slow
A: +LOS, swims, slowness 1, strong legs 1
a: Hop, Renounce Religion, Evoke Invisibility


You were on level 2 of the Abyss.
You worshipped Vehumet.
Vehumet was aware of your devotion.
You visited 2 branches of the dungeon, and saw 9 of its levels.
You visited the Abyss 1 time.

You collected 449 gold pieces.
You spent 175 gold pieces at shops.

Inventory:

Hand Weapons
 n - a +3 rapier (weapon)
 v - a +2 flail of venom
Missiles
 i - 12 poisoned darts (quivered)
 I - 6 curare-tipped darts
Armour
 a - a +0 robe (worn)
 f - a +0 pair of gloves (worn)
 t - a +0 cloak
 u - a +0 helmet (worn)
 C - a scarf of invisibility (worn)
Jewellery
 e - a +6 ring of dexterity (left hand)
 o - an amulet of regeneration (around neck)
 x - a ring of protection from cold (right hand)
Wands
 r - a wand of polymorph (8)
 y - a wand of iceblast (10)
 K - a wand of acid (10)
Scrolls
 b - 4 scrolls of amnesia {unknown}
 d - 5 scrolls of enchant weapon {unknown}
 g - 11 scrolls of identify
 h - 3 scrolls of enchant armour {unknown}
 j - a scroll of blinking {unknown}
 k - 5 scrolls of remove curse
 l - 5 scrolls of teleportation
 w - 3 scrolls of magic mapping {unknown}
 E - 3 scrolls of fog
 F - a scroll of fear
 G - a scroll of noise {unknown}
 H - 3 scrolls of immolation {unknown}
Potions
 c - 9 potions of curing {unknown}
 m - a potion of invisibility {unknown}
 p - a potion of attraction {unknown}
 q - 4 potions of heal wounds {unknown}
 s - a potion of mutation {unknown}
 z - a potion of lignification {unknown}
 A - a potion of degeneration {unknown}
 B - a potion of magic {unknown}
 D - 2 potions of brilliance {unknown}
 J - a potion of cancellation {unknown}


   Skills:
 + Level 6.8 Fighting
 + Level 6.7 Dodging
 - Level 1.7 Stealth
 + Level 6.1 Spellcasting
 * Level 3.2 Conjurations
 * Level 10.8 Ice Magic


You had 16 spell levels left.
You knew the following spells:

 Your Spells              Type           Power        Failure   Level
a - Freeze                Ice            ####         1%          1
b - Frozen Ramparts       Ice            #####.       1%          3

Your spell library contained the following spells:

 Spells                   Type           Power        Failure   Level
 Foxfire                  Conj/Fire      ##..         6%          1
 Ozocubu's Armour         Ice            #####...     1%          3
 Shock                    Conj/Air       ##..         6%          1
 Hailstorm                Conj/Ice       ####....     7%          4
 Summon Ice Beast         Ice/Summ       ####....     13%         4
 Static Discharge         Conj/Air       ##......     19%         3
 Bolt of Magma            Conj/Fire/Erth #.........   91%         5
 Orb of Destruction       Conj           ###.......   100%        7


Dungeon Overview and Level Annotations

Branches:
Dungeon (8/15)             Temple (1/1) D:4
   Lair: D:8-11

Altars:
Ashenzari
Cheibriados
Dithmenos
Elyvilon
Fedhas
Gozag
Hepliaklqana
Makhleb
Nemelex Xobeh
Okawaru
Qazlal
Ru
Sif Muna
Trog
Uskayaw
Vehumet
Wu Jian
Xom
Yredelemnul
Zin
The Shining One

Shops:
D:5 ?

Annotations:
D:5 1 runed translucent door
D:8 Grum


Innate Abilities, Weirdness & Mutations

You can be seen from farther away. (+LOS)
You can swim through water.
You cover ground slowly.
You can hop short distances.


Message History

You feel ill.
Hop to where?
Press: ? - help, Dir - move target Boing!
Found a green potion.
The bone dragon bites you!!
* * * LOW HITPOINT WARNING * * *
The bone dragon claws you.
* * * LOW HITPOINT WARNING * * *
The bone dragon tramples you.
* * * LOW HITPOINT WARNING * * *
You stumble backwards!
You see here a green potion.
Okay, then.
As you read the scroll of teleportation, it crumbles to dust.
You feel strangely unstable.
You feel the power of the Abyss delaying your translocation!
You feel ill. The bone dragon misses you. The bone dragon barely misses you.
The bone dragon tramples you!
You die...

#### # ... . #.. . ##
..#.### .#### #.
..#...##
..#.###.#.......#
.#.....#.@#....#
#..#....#D....# ## #
#...#...#x#..###.#.##
........#...#.#....
#.......5...#....# #
##..##..###.....###.#.
#...#.#..x#.........#..
###...#..........#...#
#.......###..... #.. .


You could see a bone dragon, an ancient zyme and an iron imp (summoned).

Vanquished Creatures
  Pikel (D:4)
  The ghost of 2FriedEggs the Unweaver, a novice VSAK of Lugonu (D:5)
  Sigmund (D:4)
  Menkaure (D:7)
  A soldier ant (D:5)
  2 water moccasins
  A phantom (D:4)
  2 wolves (D:8)
  A centaur (D:5)
  2 ogres
  A lemure (D:4)
  4 scorpions
  A killer bee (D:5)
  A howler monkey (D:6)
  2 bullfrog zombies
  A quasit (D:7)
  A starcursed mass (Abyss:2)
  A gnoll shaman (D:4)
  2 orc priests (D:2)
  2 hounds
  Crazy Yiuf (D:3)
  Jessica (D:3)
  An orc wizard (D:2)
  2 iguanas
  Natasha (thrice) (D:4)
  5 worker ants
  2 hound skeletons (D:5)
  Robin (D:3)
  9 gnolls (D:4)
  7 adders
  A shadow imp (D:7)
  2 oozes
  An adder zombie (D:6)
  2 adder skeletons
  4 worms
  5 leopard geckos
  6 orcs
  3 ball pythons
  12 bats
  8 giant cockroaches
  16 goblins
  11 hobgoblins
  11 jackals
  4 frilled lizards
  2 jackal skeletons
  4 kobolds
  A leopard gecko skeleton (D:4)
  9 rats
  A butterfly (D:5)
164 creatures vanquished.

Vanquished Creatures (others)
  An orc wizard (D:2)
  A quokka (D:4)
  2 withered plants (D:8)
4 creatures vanquished.

Grand Total: 168 creatures vanquished

Notes
Turn   | Place    | Note
-------+----------+-------------------------------------------
     0 | D:1      | streetpizza the Barachi Ice Elementalist began the quest
                  | for the Orb.
     0 | D:1      | Reached XP level 1. HP: 13/13 MP: 3/3
   358 | D:1      | Reached skill level 5 in Ice Magic
   397 | D:1      | Reached XP level 2. HP: 20/20 MP: 3/5
   744 | D:1      | Reached skill level 1 in Fighting
  1043 | D:2      | Reached XP level 3. HP: 19/26 MP: 6/6
  1704 | D:2      | Learned a level 3 spell: Frozen Ramparts
  1717 | D:2      | Reached XP level 4. HP: 28/33 MP: 4/8
  1733 | D:2      | Reached skill level 6 in Ice Magic
  1733 | D:2      | Reached XP level 5. HP: 11/38 MP: 0/9
  2105 | D:3      | Noticed Jessica
  2110 | D:3      | Killed Jessica
  2406 | D:3      | Found a runed translucent door.
  2407 | D:3      | Noticed Crazy Yiuf
  2415 | D:3      | Killed Crazy Yiuf
  2416 | D:3      | Reached XP level 6. HP: 37/46 MP: 6/11
  2539 | D:3      | Found a bloodstained altar of Trog.
  2699 | D:3      | Noticed Robin
  2715 | D:3      | Killed Robin
  2917 | D:4      | Noticed Pikel
  3049 | D:4      | Reached skill level 7 in Ice Magic
  3075 | D:4      | Found a shadowy altar of Dithmenos.
  3080 | D:4      | Reached XP level 7. HP: 43/52 MP: 8/12
  3087 | D:4      | Found a hazy altar of Hepliaklqana.
  3093 | D:4      | Noticed a shadow
  3246 | D:4      | Killed Pikel
  3247 | D:4      | Reached skill level 8 in Ice Magic
  3247 | D:4      | Reached XP level 8. HP: 40/61 MP: 7/14
  3343 | D:4      | Reached skill level 5 in Dodging
  3440 | D:4      | Found a staircase to the Ecumenical Temple.
  3452 | Temple   | Entered the Ecumenical Temple
  3678 | Temple   | Became a worshipper of Vehumet
  3828 | D:4      | Noticed Sigmund
  3854 | D:4      | Killed Sigmund
  3855 | D:4      | Reached skill level 5 in Fighting
  3855 | D:4      | Reached skill level 5 in Spellcasting
  3855 | D:4      | Reached skill level 9 in Ice Magic
  3898 | D:4      | Found a stormy altar of Qazlal.
  3911 | D:4      | Noticed Natasha
  3921 | D:4      | Killed Natasha
  3963 | D:4      | Noticed Natasha
  3970 | D:4      | Killed Natasha
  4001 | D:4      | Found a white marble altar of Elyvilon.
  4098 | D:4      | Noticed Natasha
  4103 | D:4      | Killed Natasha
  4217 | D:5      | Entered Level 5 of the Dungeon
  4435 | D:5      | Found Zodeonki's Magic Scroll Emporium.
  4447 | D:5      | Bought a scroll of identify for 20 gold pieces
  4447 | D:5      | Bought 3 scrolls of fog for 60 gold pieces
  4447 | D:5      | Bought a scroll of teleportation for 30 gold pieces
  4447 | D:5      | Bought a scroll of remove curse for 30 gold pieces
  4447 | D:5      | Bought a scroll of fear for 35 gold pieces
  4471 | D:5      | Found a runed translucent door.
  4472 | D:5      | Found a runed translucent door.
  4693 | D:5      | Found a runed translucent gate.
  4694 | D:5      | Found a runed translucent gate.
  4695 | D:5      | Found a runed translucent gate.
  4696 | D:5      | Noticed 2FriedEggs's ghost (novice VSAK)
  4792 | D:5      | Found a broken altar of Ashenzari.
  4795 | D:5      | Found a blossoming altar of Fedhas.
  4798 | D:5      | Found an opulent altar of Gozag.
  4801 | D:5      | Found an ornate altar of the Wu Jian Council.
  5420 | D:5      | Reached XP level 9. HP: 68/69 MP: 12/17
  5504 | D:5      | Reached * piety under Vehumet
  5504 | D:5      | Offered knowledge of Foxfire by Vehumet.
  5507 | D:5      | Killed 2FriedEggs's ghost
  5508 | D:5      | Reached skill level 10 in Ice Magic
  5542 | D:6      | Found a sparkling altar of Nemelex Xobeh.
  5686 | D:6      | Noticed a blizzard demon
  5687 | D:6      | Found a burning altar of Makhleb.
  5716 | D:6      | Reached skill level 1 in Conjurations
  5893 | D:6      | Found a glowing silver altar of Zin.
  5893 | D:6      | Noticed an angel
  6446 | D:7      | Identified the Papyrus of Attacks
  6486 | D:7      | Noticed Menkaure
  6505 | D:7      | Killed Menkaure
  6795 | D:8      | Found a broken altar of Ashenzari.
  6795 | D:8      | Noticed Grum
  6812 | D:8      | Cast into level 2 of the Abyss (Grum)
  6812 | Abyss:2  | Found a corrupted altar of Lugonu.
  6870 | Abyss:2  | Noticed an ancient zyme
  6876 | Abyss:2  | Noticed a starcursed mass
  6878 | Abyss:2  | Noticed an orange demon
  6963 | Abyss:2  | Noticed a bone dragon
  6972 | Abyss:2  | Noticed an ancient zyme
  6984 | Abyss:2  | Slain by a bone dragon

Illustrated notes

Levels and vault maps discovered:
D:1:      nicolae_arrival_memento_mori, layout_loops_cross,
          minmay_shallow_snake_nest
D:2:      layout_basic
D:3:      layout_basic, trog_hazing_becter, uniq_robin, uniq_jessica,
          uniq_crazy_yiuf_cottage
D:4:      layout_rooms, riverfiend_overflow_shadow_ancestor, elyvilon_altar_4,
          minmay_temple_entry_mini_moons, nicolae_qazlal_general_emergency,
          uniq_natasha, uniq_sigmund, uniq_pikel
D:5:      lemuel_insect_pit, layout_layer_cave,
          grunt_temple_overflow_cloverleaf, serial_shops, shop,
          gammafunk_ghost_necromancy
D:6:      layout_rooms, grunt_temple_overflow_order_and_chaos_2,
          nemelex_xobeh_ov_fountains_minmay
D:7:      layout_cave_pools, uniq_menkaure
D:8:      layout_layer_cave, nicolae_overflow_crystal_walls, basic_altar,
          serial_undead, serial_undead_c, serial_undead_b, serial_undead_d,
          serial_undead_a, uniq_grum
Temple:   minmay_temple_curvy_loop
Abyss:2:  base: D:5, evilmike_abyss_exit_2, minivault_28,
          hangedman_decor_peaks_small, abyss_exit_lava

Skill      XL: |  1  2  3  4  5  6  7  8  9 |
---------------+----------------------------+-----
Ice Magic      | 5 6 7 8 9 10 | 10.8
Fighting       | 1 2 3 4 5 6 |  6.8
Dodging        | 3 4 5 6 |  6.7
Spellcasting   | 3 4 5 6 |  6.1
Conjurations   | 3 |  3.2
Stealth        | |  1.7

Action                   |  1- 3 |  4- 6 |  7- 9 || total
-------------------------+-------+-------+-------++-------
Melee: Unarmed           |    21 |       |       ||    21
       Club              |    24 |       |       ||    24
       Hand axe          |    22 |       |       ||    22
       Rapier            |    18 |    41 |   175 ||   234
       Short sword       |       |     6 |       ||     6
       Flail             |       |    19 |     3 ||    22
Throw: Dart              |       |       |     5 ||     5
 Cast: Freeze            |    17 |       |     2 ||    19
       Frozen Ramparts   |     1 |    15 |    36 ||    52
 Abil: Hop               |       |       |     2 ||     2
  Use: Scroll            |       |       |     2 ||     2
 Stab: Sleeping          |     8 |     1 |     3 ||    12
       Distracted        |       |       |     1 ||     1
Armor: Robe              |    42 |    32 |    24 ||    98
Dodge: Dodged            |    77 |    76 |   171 ||   324

Table legend: (Time is in decaauts)
 A = Elapsed time spent in this place.
 B = Non-inter-level travel time spent in this place.
 C = Inter-level travel time spent in this place.
 D = Time resting spent in this place.
 E = Time spent auto-exploring this place.
 F = Levels seen in this place.
 G = Mean time per level.
                   A        B        C        D        E       F      G
               +--------+--------+--------+--------+--------+-----+--------+
         Total |   7957 |   7575 |    382 |     26 |   5935 |  10 |  795.7 |
       Dungeon |   7484 |   7164 |    320 |      4 |   5617 |   8 |  935.5 |
        Temple |    279 |    217 |     62 |      0 |    214 |   1 |  279.0 |
         Abyss |    193 |    193 |      0 |     22 |    103 |   1 |  193.0 |
               +--------+--------+--------+--------+--------+-----+--------+

Top non-repeatable levels by time:
     D:5: 1559 daAuts
     D:2: 1224 daAuts
     D:4: 1163 daAuts
     D:1: 1114 daAuts
     D:3: 969 daAuts
     D:7: 829 daAuts
     D:6: 510 daAuts
  Temple: 279 daAuts
 Abyss:2: 193 daAuts
     D:8: 113 daAuts
